AoeStats
← Ouch

Pilgrims

510238183Analyzed
4v4 RM · 1d ago on Sep 30, 2026· 44m 2s· 8 players
Game mode
Random Map
Map size
Large (8 player)
Population
200
Speed
Normal
Resources
Standard
Victory
Conquest
Starting age
Dark Age
Ending age
Imperial Age
RankedLock teamsTeams togetherTeam positionsShared explorationLock speedFull tech treeHidden civsTurbo modeCheats
Victory
Defeat
🇻🇳 Turks · Vietnam
1790
+13
🇨🇳 Georgians · China
1745
+15
🇧🇷 Saxons · Brazil
1744
+15
🇨🇳 Malay · China
1697
+17
🇲🇽 Varangians · Mexico
1802
-18
🇺🇦 Japanese · Ukraine
1786
-18
🇲🇽 Dravidians · Mexico
1668
-13
🇨🇳 Chinese · China
1615
-11
tim.13
2:57 Loom
3:05 Loom
11:59 Feudal Age
12:43 Double-Bit Axe
13:44 Fishing Lines
18:58 Castle Age
18:22 Gold Mining
18:26 Stone Mining
19:53 Medium Warships
20:24 Wheelbarrow
19:51 Gillnets
20:33 Bow Saw
26:15 Horse Collar
30:15 Svan Towers
30:01 Fletching
33:14 Imperial Age
30:43 Bodkin Arrow
32:54 Hand Cart
32:24 Town Watch
33:22 Scale Barding Armor
33:28 Forging
34:08 Stone Shaft Mining
34:32 Conscription
34:15 Bracer
34:35 Chain Barding Armor
35:18 Chemistry
34:38 Ballistics
34:10 Guard Tower
35:52 Bloodlines
35:42 Husbandry
35:04 Elite Monaspa
37:52 Plate Barding Armor
37:53 Iron Casting
37:25 Arrowslits
39:32 Keep
38:38 Treadmill Crane
40:36 Murder Holes
44:08 Aznauri Cavalry
VIPN@U
11:27 Feudal Age
15:34 Castle Age
13:44 Fishing Lines
14:12 Double-Bit Axe
17:07 Medium Warships
16:56 Fletching
17:28 Gold Mining
18:21 Forging
18:47 Loom
20:11 Bow Saw
20:09 Town Watch
29:00 Horse Collar
31:01 Wheelbarrow
32:14 Bodkin Arrow
32:31 Heavy Plow
39:16 Imperial Age
37:38 Hand Cart
38:03 Padded Archer Armor
39:10 Leather Archer Armor
39:29 Heavy Cavalry Archer
40:13 Bracer
41:15 Parthian Tactics
41:44 Ring Archer Armor
41:52 Bloodlines
43:01 Sipahi
43:22 Scale Barding Armor
44:35 Chain Barding Armor
45:13 Iron Casting
Bo Zhi Shang
10:18 Feudal Age
19:10 Castle Age
19:01 Medium Warships
19:32 Double-Bit Axe
21:15 Bow Saw
23:09 Loom
25:45 Horse Collar
28:13 Wheelbarrow
28:52 Heavy Plow
30:27 Hand Cart
35:47 Imperial Age
35:21 Capped Ram
38:51 Elite Battle Elephant
39:50 Gold Mining
40:11 Scale Barding Armor
40:17 Forging
42:18 Iron Casting
42:20 Conscription
44:37 Blast Furnace
APZz_
9:42 Feudal Age
10:20 Double-Bit Axe
10:56 Loom
22:44 Fletching
23:11 Fishing Lines
28:39 Castle Age
30:03 Bodkin Arrow
32:47 Bow Saw
35:39 Horse Collar
38:36 Town Watch
39:26 Wheelbarrow
MZTK | GO1_mx
8:27 Loom
10:37 Feudal Age
11:09 Double-Bit Axe
18:02 Castle Age
16:13 Horse Collar
17:07 Forging
19:10 Medium Warships
20:33 Stone Mining
26:20 Padded Archer Armor
26:11 Fletching
28:34 Bodkin Arrow
32:31 Gold Mining
34:26 Bow Saw
43:22 Imperial Age
42:45 Elite Skirmisher
43:39 Padded Archer Armor
44:07 Bracer
EL MAYA
8:45 Feudal Age
18:49 Wheelbarrow
18:00 Loom
24:10 Castle Age
25:11 Medium Warships
26:01 Double-Bit Axe
28:47 Hand Cart
35:03 Town Watch
42:40 Fletching
Marlin
3:50 Loom
10:29 Feudal Age
15:16 Castle Age
13:34 Fletching
19:18 Double-Bit Axe
22:57 Bow Saw
27:55 Bodkin Arrow
28:01 Padded Archer Armor
28:28 Horse Collar
36:03 Imperial Age
34:11 Wheelbarrow
35:31 Leather Archer Armor
36:51 Bracer
38:23 Ring Archer Armor
39:58 Chemistry
40:50 Conscription
43:09 Ballistics
43:17 Pikeman
Ouch
9:09 Loom
11:42 Feudal Age
13:03 Double-Bit Axe
15:23 Castle Age
14:06 Town Watch
14:12 Gold Mining
15:06 Forging
16:31 Medium Warships
16:33 Bow Saw
17:08 Iron Casting
17:10 Fletching
18:15 Bodkin Arrow
20:12 Wheelbarrow
21:08 Ballistics
26:34 Horse Collar
32:48 Gold Shaft Mining
32:05 Stone Mining
31:55 Fishing Lines
34:46 Imperial Age
33:20 Padded Archer Armor
33:40 Scale Mail Armor
33:43 Heavy Plow
34:28 Leather Archer Armor
34:46 Scale Mail Armor
35:29 Bracer
35:55 Thumb Ring
37:44 Chemistry
36:25 Treadmill Crane
38:08 Heavy Cavalry Archer
42:40 Bloodlines
42:31 Husbandry
Connection lost

Rejoining the realm…

Still unreachable

The connection could not be restored.

Session expired

The server has moved on; the page needs a fresh start.